 Dungeon Crawl Stone Soup version 0.24.0-13-gcf9b319 (webtiles) character file.

Game seed: 16044894603936393430, levelgen mode: deterministic

6176 Bronimir the Archer (level 10, -9/84 HPs)
             Began as a Centaur Gladiator on Apr 21, 2020.
             Was a Priest of Okawaru.
             Mangled by a catoblepas (15 damage)
             ... while petrified by you
             ... on level 10 of the Dungeon.
             The game lasted 00:19:58 (10945 turns).

Bronimir the Archer (Centaur Gladiator)            Turns: 10945, Time: 00:19:59

Health: -9/84      AC: 10    Str: 37 (38) XL:     10   Next: 60%
Magic:  13/13      EV:  1    Int:  0 (2)  God:    Okawaru [***...]
Gold:   437        SH:  0    Dex: 10 (12) Spells: 2/13 levels left

rFire    + . .     SeeInvis .   b - +2 shortbow (velocity)
rCold    x . .     Gourm    .   (shield currently unavailable)
rNeg     + + +     Faith    .   F - +0 scale mail "Byv Harere" {rF+ rC- MR+ Str+9 Int-5}
rPois    ∞         Spirit   .   c - +1 helmet
rElec    .         Reflect  +   (no cloak)
rCorr    .         Harm     .   o - +0 pair of gloves
MR       +....                  (no barding)
Stlth    ..........             B - +2 amulet of reflection
HPRegen  0.24/turn              u - +6 ring of strength
MPRegen  0.13/turn              H - +4 ring of strength

@: petrified, slowed, lost intelligence, very quick
A: large, hooves 3, deformed body, speed 2, tough skin 3
a: Heroism, Renounce Religion


You were on level 10 of the Dungeon.
You worshipped Okawaru.
Okawaru was most pleased with you.
You were not hungry.

You visited 2 branches of the dungeon, and saw 11 of its levels.
You also visited: Bailey.

You collected 927 gold pieces.
You spent 490 gold pieces at shops.

Inventory:

Hand Weapons
 a - a +0 war axe
 b - a +2 shortbow of velocity (weapon)
 n - a -3 battleaxe
 G - a +3 great mace of holy wrath
Missiles
 d - 4 throwing nets
 j - 15 poisoned darts
 m - 99 sling bullets
 v - 200 stones
 C - 145 arrows (quivered)
Armour
 c - a +1 helmet (worn)
 o - a +0 pair of gloves (worn)
 F - the +0 scale mail "Byv Harere" (worn) {rF+ rC- MR+ Str+9 Int-5}
   (You found it on level 6 of the Dungeon)

   It affects your strength (+9).
   It affects your intelligence (-5).
   It protects you from fire.
   It makes you vulnerable to cold.
   It affects your resistance to hostile enchantments.
 I - +1 steam dragon scales
Magical Staves
 N - an uncursed staff of death
Jewellery
 h - an uncursed ring of ice
 i - an uncursed ring of positive energy
 r - an uncursed ring of resist corrosion
 u - a +6 ring of strength (left hand)
 B - a +2 amulet of reflection (around neck)
 H - a +4 ring of strength (right hand)
Wands
 E - a wand of paralysis (4)
 P - a wand of disintegration (11)
Scrolls
 g - 2 scrolls of remove curse
 k - 6 scrolls of identify
 w - a scroll of random uselessness
 x - a scroll of magic mapping {unknown}
 y - 4 scrolls of teleportation
 J - a scroll of fog {unknown}
 M - a scroll of holy word {unknown}
 O - a scroll of noise {unknown}
Potions
 e - a potion of magic {unknown}
 l - a potion of degeneration
 p - a potion of lignification
 q - a potion of might {unknown}
 s - a potion of haste {unknown}
 t - a potion of mutation {unknown}
 z - a potion of agility {unknown}
 A - a potion of cancellation {unknown}
 D - 3 potions of curing
 K - a potion of flight {unknown}
 L - a potion of brilliance {unknown}
 Q - a potion of berserk rage
 R - a potion of ambrosia {unknown}
Comestibles
 f - 16 rations


   Skills:
 * Level 6.6 Fighting
 + Level 7.7 Axes
   Level 1.2(2.2) Slings
 * Level 8.8 Bows
 + Level 2.7(2.9) Throwing
 * Level 4.6 Armour
 * Level 4.8 Dodging
 + Level 2.0 Spellcasting
 + Level 4.1 Hexes
 * Level 0.4 Fire Magic
 * Level 1.1 Invocations


You had 2 spell levels left.
You knew the following spells:

 Your Spells              Type           Power        Failure   Level  Hunger
a - Confusing Touch       Hex            #.....       21%         1    ##.....
b - Metabolic Englaciati  Hex/Ice        #.........   100%        5    ######.
c - Flame Tongue          Conj/Fire      #....        69%         1    ##.....
d - Sticky Flame          Conj/Fire      #.......     100%        4    #####..

Your spell library contained the following spells:

 Spells                   Type           Power        Failure   Level  Hunger
 Throw Flame              Conj/Fire      #.....       83%         2    ###....
 Confuse                  Hex            #.......     52%         3    ####...
 Inner Flame              Hex/Fire       #.......     77%         3    ####...
 Conjure Flame            Conj/Fire      #.......     96%         3    ####...
 Gell's Gravitas          Tloc           #.........   97%         3    ####...
 Petrify                  Tmut/Erth      #.......     100%        4    #####..
 Fireball                 Conj/Fire      #.........   100%        5    ######.
 Yara's Violent Unravell  Hex/Tmut       #.........   100%        5    ######.


Dungeon Overview and Level Annotations

Branches:
Dungeon (10/15)            Temple (1/1) D:6            Lair (0/6) D:8
 Bailey (visited)
    Orc: D:9-12

Altars:
Ashenzari
Cheibriados
Dithmenos
Elyvilon
Fedhas
Gozag
Hepliaklqana
Kikubaaqudgha
Makhleb
Nemelex Xobeh
Okawaru
Qazlal
Ru
Sif Muna
Trog
Uskayaw
Vehumet
Wu Jian
Xom
Yredelemnul
Zin
The Shining One

Shops:
D:4 %   D:9 :

Annotations:
D:3 1 runed translucent door


Innate Abilities, Weirdness & Mutations

You have hooves in place of feet.
Armour fits poorly on your strangely shaped body.
You cover ground very quickly.
You have extremely tough skin. (AC +3)


Message History

The blast of calcifying dust hits you but does no damage.
You are engulfed in calcifying dust.
You are slowing down.
The ogre is engulfed in calcifying dust.
Your limbs are stiffening.
You have turned to stone.
The catoblepas gores you! The catoblepas gores you. The catoblepas gores you!!
The catoblepas gores you.
The catoblepas gores you but does no damage.
The catoblepas gores you!!
* * * LOW HITPOINT WARNING * * *
The catoblepas gores you!
* * * LOW HITPOINT WARNING * * *
The catoblepas gores you!!
* * * LOW HITPOINT WARNING * * *
The catoblepas gores you but does no damage.
The catoblepas gores you!!
You die...

## ...#### #....# #.(#.#
....#O############
#...#............###########
#O..#####O.......##........#
#... #........##........#
.... #......Y@......†...##
...# #........##.).......#
#........##.........#
###########.........#
#.......#####...#
#########.####### #####
#.......#.####### ######
#<####..........# #....#
#.#..#..........# #..###


You could see a catoblepas and an ogre (petrified).

Vanquished Creatures
  A two-headed ogre (D:8)
  Pikel (D:6)
  2 hippogriffs
  A steam dragon (D:5)
  3 wargs (D:8)
  Duvessa (D:6)
  An ice beast (D:7)
  7 orc warriors
  2 sky beasts (D:9)
  6 ogres
  A black bear (D:7)
  A phantom (D:6)
  5 centaurs
  A big kobold (D:10)
  6 bullfrogs
  Dowan (D:6)
  A scorpion (D:7)
  A water moccasin skeleton (D:6)
  4 killer bees (D:10)
  3 howler monkeys (D:9)
  2 crimson imps
  A quasit (D:7)
  4 hounds
  A jelly (D:10)
  6 orc priests
  5 orc wizards
  3 bullfrog skeletons
  A centaur skeleton (D:5)
  4 iguanas
  8 worker ants
  2 hound skeletons
  A gnoll (Bailey)
  12 adders
  An adder zombie (D:7)
  2 adder skeletons
  5 worms
  3 dart slugs
  13 leopard geckos
  36 orcs
  6 giant cockroaches
  8 goblins
  3 hobgoblins (D:2)
  7 jackals
  24 kobolds
  2 quokkas
  8 bats
  6 frilled lizards
  A goblin zombie (D:3)
  A quokka skeleton (D:7)
  7 rats
232 creatures vanquished.

Vanquished Creatures (others)
  A slave (D:6)
  A quokka (D:5)
2 creatures vanquished.

Grand Total: 234 creatures vanquished

Notes
Turn   | Place    | Note
-------+----------+-------------------------------------------
     0 | D:1      | Bronimir the Centaur Gladiator began the quest for the Orb.
     0 | D:1      | Reached XP level 1. HP: 17/17 MP: 1/1
   113 | D:1      | Reached XP level 2. HP: 7/24 MP: 2/2
   905 | D:1      | Reached XP level 3. HP: 24/29 MP: 3/3
   991 | D:1      | Found a shadowy altar of Dithmenos.
  1346 | D:2      | Found an opulent altar of Gozag.
  1435 | D:2      | Reached skill level 1 in Armour
  1435 | D:2      | Reached XP level 4. HP: 10/37 MP: 4/4
  1682 | D:2      | Found a shadowy altar of Dithmenos.
  2085 | D:3      | Found a runed translucent door.
  2085 | D:3      | Noticed a human
  2099 | D:3      | Reached XP level 5. HP: 34/42 MP: 5/5
  2337 | D:3      | Found a basalt altar of Yredelemnul.
  2365 | D:3      | Found a radiant altar of Vehumet.
  2833 | D:4      | HP: 1/42 [orc priest/divine providence (10)]
  2843 | D:4      | Reached XP level 6. HP: 31/51 MP: 6/6
  3163 | D:4      | Reached skill level 5 in Axes
  3163 | D:4      | Reached skill level 1 in Slings
  3261 | D:4      | Found Haid Nott's Food Shoppe.
  3463 | D:5      | Entered Level 5 of the Dungeon
  3775 | D:4      | Learned a level 1 spell: Confusing Touch
  3796 | D:5      | Reached XP level 7. HP: 55/57 MP: 7/7
  3833 | D:5      | Found a shattered altar of Ashenzari.
  3866 | D:5      | Found a hazy altar of Hepliaklqana.
  3866 | D:5      | Found a shimmering blue altar of Sif Muna.
  4025 | D:5      | Noticed a steam dragon
  4291 | D:5      | Found a sacrificial altar of Ru.
  4323 | D:5      | Found a white marble altar of Elyvilon.
  4361 | D:5      | Killed a steam dragon
  4361 | D:5      | Reached skill level 1 in Bows
  4993 | D:6      | Reached skill level 1 in Hexes
  5020 | D:6      | Reached skill level 1 in Spellcasting
  5020 | D:6      | Reached XP level 8. HP: 27/66 MP: 9/9
  5146 | D:6      | Reached skill level 2 in Bows
  5246 | D:6      | Noticed Pikel
  5262 | D:6      | Killed Pikel
  5262 | D:6      | Reached skill level 3 in Bows
  5321 | D:6      | Got a pitted scale mail
  5357 | D:6      | Identified the cursed +0 scale mail "Byv Harere" {rF+ rC-
                  | MR+ Str+9 Int-5} (You found it on level 6 of the Dungeon)
  5368 | D:6      | Found a staircase to the Ecumenical Temple.
  5368 | D:6      | Noticed Duvessa
  5379 | D:6      | Noticed Dowan
  5384 | Temple   | Entered the Ecumenical Temple
  5481 | Temple   | Became a worshipper of Warmaster Okawaru
  5509 | D:6      | Killed Duvessa
  5512 | D:6      | Killed Dowan
  5758 | D:6      | Reached skill level 4 in Bows
  5893 | D:6      | Found a bloodstained altar of Trog.
  5897 | D:6      | Reached * piety under Okawaru
  5897 | D:6      | Reached XP level 9. HP: 60/73 MP: 11/11
  6261 | D:7      | Found a stormy altar of Qazlal.
  6299 | D:7      | Reached skill level 5 in Bows
  6326 | D:7      | Reached skill level 5 in Fighting
  6357 | D:7      | Reached skill level 6 in Bows
  6967 | D:8      | Found a staircase to the Lair.
  7336 | D:8      | Noticed a two-headed ogre
  7407 | D:8      | Killed a two-headed ogre
  7407 | D:8      | Reached ** piety under Okawaru
  7407 | D:8      | Reached skill level 7 in Bows
  7628 | D:8      | Found a flagged portal.
  7640 | Bailey   | Entered a bailey
  7854 | Bailey   | Reached XP level 10. HP: 83/83 MP: 10/13
  8143 | Bailey   | Found an iron altar of Okawaru.
  8453 | D:8      | Reached *** piety under Okawaru
  8453 | D:8      | Reached skill level 8 in Bows
  8751 | D:8      | Received a gift from Okawaru
  8966 | D:8      | Found a bloodstained altar of Trog.
  9692 | D:9      | Learned a level 5 spell: Metabolic Englaciation
  9724 | D:9      | Found a shimmering altar of Xom.
  9750 | D:9      | Found a shimmering blue altar of Sif Muna.
  9762 | D:9      | Found Dirausk's Book Boutique.
  9979 | D:9      | Found a snail-covered altar of Cheibriados.
 10309 | D:10     | Entered Level 10 of the Dungeon
 10348 | D:9      | Bought a book of Flames for 490 gold pieces
 10350 | D:9      | Learned a level 1 spell: Flame Tongue
 10355 | D:9      | Learned a level 4 spell: Sticky Flame
 10398 | D:10     | Received a gift from Okawaru
 10425 | D:10     | Lost intelligence.
 10428 | D:10     | HP: 6/126 [killer bee (1)]
 10439 | D:10     | Reached skill level 1 in Invocations
 10439 | D:10     | HP: 6/126 [poisoned by a killer bee]
 10445 | D:10     | HP: 3/126 [poisoned by a killer bee]
 10451 | D:10     | HP: 2/126 [poisoned by a killer bee]
 10456 | D:10     | Lost intelligence.
 10457 | D:10     | HP: 1/84 [poisoned by a killer bee]
 10920 | D:10     | Noticed a catoblepas
 10945 | D:10     | Mangled by a catoblepas

Levels and vault maps discovered:
D:1:      dpeg_arrival_lava_altar, layout_loops_cross
D:2:      layout_basic, nicolae_overflow_crystal_walls,
          nicolae_dithmenos_through_a_glass_darkly
D:3:      layout_basic, lemuel_crystal_altar, dk_yredelemnul_ordeal
D:4:      layout_rooms, serial_shops, nicolae_shop_competitors_out_of_business,
          first_ration
D:5:      layout_cave_pools, nicolae_ru_sacrificial_ziggurat,
          gammafunk_temple_overflow_forgotten, basic_altar
D:6:      layout_loops_ring, minmay_temple_entry_grid, trog_butcher_becter,
          uniq_duvessa, uniq_pikel
D:7:      minmay_angry_zag, layout_basic, basic_altar
D:8:      layout_layer_cave, nicolae_overflow_hidden_temple,
          erik_lair_orcish_takeover, enter_bailey_3
D:9:      layout_basic, lemuel_coloured_pillars_altar, lemuel_round_altar,
          basic_altar, serial_shops, shop
D:10:     layout_basic
Temple:   nicolae_temple_hex_pool

Skill      XL: |  1  2  3  4  5  6  7  8  9 10 |
---------------+-------------------------------+-----
Axes           | 3 4 5 6 7 |  7.7
Armour         | 1 2 3 4 |  4.6
Fighting       | 3 4 5 6 |  6.6
Dodging        | 3 4 |  4.8
Slings         | 1 |  1.2
Bows           | 1 4 7 8 |  8.8
Hexes          | 1 2 3 4 |  4.1
Spellcasting   | 1 2 |  2.0
Invocations    | 1 |  1.1
Throwing       | |  2.7
Fire Magic     | |  0.4

Action                   |  1- 3 |  4- 6 |  7- 9 | 10-12 || total
-------------------------+-------+-------+-------+-------++-------
Melee: War axe           |   127 |   126 |   136 |   124 ||   513
       Kick              |    21 |    37 |    48 |    51 ||   157
 Fire: Hunting sling     |       |    13 |       |       ||    13
       Shortbow          |       |       |   155 |    49 ||   204
Throw: Dart              |       |    10 |     5 |       ||    15
       Throwing net      |       |     3 |       |       ||     3
 Cast: Confusing Touch   |       |       |     1 |     2 ||     3
Invok: Heroism           |       |       |     2 |       ||     2
  Use: Scroll            |       |     2 |    10 |       ||    12
       Potion            |       |     1 |       |     5 ||     6
  Eat: Chunk             |       |     7 |     7 |     7 ||    21
       Ration            |       |       |     1 |     1 ||     2
Armor: Ring mail         |    68 |   105 |    19 |       ||   192
       Leather armour    |     1 |       |       |       ||     1
       Steam dragon scal |       |       |    16 |       ||    16
       Scale mail        |       |       |    66 |    74 ||   140
       Skin              |       |       |       |    18 ||    18
Dodge: Dodged            |    50 |    88 |   135 |    61 ||   334
Block: Other             |       |       |     9 |    11 ||    20
       Reflection        |       |       |     5 |       ||     5
